[Event "Titled Tuesday Blitz November 07 Early 2023"]
[White "Estrada Nieto, Julian"]
[Black "Kuchava, Ana"]
[WhiteFideId "5101018"]
[BlackFideId "13605348"]
[WhiteElo "2454"]
[BlackElo "2245"]
[Result "1-0"]
[Round "9"]
[TimeControl "180+1"]
[Date "2023.11.07"]
[WhiteClock "0:01:57"]
[BlackClock "0:00:17"]
[Board "139"]

1. e4 c5 2. Nf3 d6 3. d4 cxd4 4. Qxd4 a6 5. Bc4 e6 6. Nc3 Nc6 7. Qd3 Nf6 8. Bf4 Be7 9. O-O-O b5 10. Bb3 b4 11. Na4 e5 12. Bg5 Bg4 13. Qc4 O-O 14. Qxc6 Nxe4 15. Bxe7 1-0


[Site "https://www.chess.com"]

[Event "Titled Tuesday Blitz November 07 Early 2023"]
[White "Buchenau, Frank"]
[Black "Rodriguez Dominguez, Melissa"]
[WhiteFideId "4604350"]
[BlackFideId "3517560"]
[WhiteElo "2453"]
[BlackElo "2232"]
[Result "0-1"]
[Round "9"]
[TimeControl "180+1"]
[Date "2023.11.07"]
[WhiteClock "0:00:10"]
[BlackClock "0:00:18"]
[Board "140"]

1. e4 c5 2. Nf3 e6 3. d4 cxd4 4. Nxd4 Nc6 5. Nc3 Qc7 6. Be3 a6 7. Bd3 Nf6 8. O-O b5 9. Nxc6 Qxc6 10. a3 Bb7 11. f4 d5 12. exd5 Nxd5 13. Nxd5 Qxd5 14. Qe2 Bc5 15. Bxc5 Qxc5+ 16. Kh1 O-O 17. f5 exf5 18. Rxf5 Qc6 19. Raf1 g6 20. Rf6 Qd5 21. c4 Qg5 22. cxb5 axb5 23. Qf2 Rad8 24. Bxb5 Rd2 25. Be2 Rxb2 26. Re1 Bxg2+ 27. Qxg2 Qxf6 0-1


[Site "https://www.chess.com"]

[Event "Titled Tuesday Blitz November 07 Early 2023"]
[White "Sarkar, Justin"]
[Black "Begunov, Konstantin"]
[WhiteFideId "2010011"]
[BlackFideId "4118510"]
[WhiteElo "2216"]
[BlackElo "2379"]
[Result "1/2-1/2"]
[Round "9"]
[TimeControl "180+1"]
[Date "2023.11.07"]
[WhiteClock "0:00:03"]
[BlackClock "0:00:33"]
[Board "141"]

1. d4 d5 2. c4 c6 3. Nf3 Nf6 4. Nc3 dxc4 5. a4 Bg4 6. Ne5 Bh5 7. Nxc4 e6 8. g3 Bb4 9. Bg2 Nd5 10. Bd2 a5 11. O-O Nb6 12. Nxb6 Qxb6 13. Ne4 Qxd4 14. Bxb4 Qxb4 15. Qd6 Bxe2 16. Rfe1 Ba6 17. Nc5 Bc4 18. Rad1 Na6 19. Bxc6+ bxc6 20. Qxc6+ Ke7 21. Qd6+ Kf6 22. Qf4+ Kg6 23. Qg4+ Kh6 24. Qh4+ Kg6 25. Qg4+ Kh6 26. Qh4+ Kg6 27. Qg4+ 1/2-1/2


[Site "https://www.chess.com"]

[Event "Titled Tuesday Blitz November 07 Early 2023"]
[White "Dwilewicz, Katarzyna"]
[Black "Smirnov, Timofey"]
[WhiteFideId "1148486"]
[BlackFideId "24176427"]
[WhiteElo "2355"]
[BlackElo "2186"]
[Result "1-0"]
[Round "9"]
[TimeControl "180+1"]
[Date "2023.11.07"]
[WhiteClock "0:01:45"]
[BlackClock "0:00:00"]
[Board "142"]

1. e4 e5 2. Nf3 Nf6 3. Nc3 Bb4 4. Nxe5 O-O 5. Nd3 Bxc3 6. dxc3 Nxe4 7. Nf4 Re8 8. Be2 Nc6 9. c4 d6 10. O-O Nf6 11. a4 a5 12. Ra3 Be6 13. Rg3 Ne4 14. Re3 Nf6 15. b3 Bf5 16. Bb2 Rxe3 17. fxe3 Ne4 18. Bd3 Ne5 19. Nd5 Nxd3 20. cxd3 Qg5 21. dxe4 Bxe4 22. Qd2 c6 23. Nf4 d5 24. c5 Re8 25. Bc3 Qd8 26. Bxa5 Qd7 27. Bc3 f6 28. Qf2 Qc8 29. Qg3 Qd7 30. Nh5 Qf7 31. Nxf6+ Kh8 32. Nxe8 1-0


[Site "https://www.chess.com"]

[Event "Titled Tuesday Blitz November 07 Early 2023"]
[White "rikchessmx"]
[Black "knightinshiningarmour16"]
[WhiteElo "2348"]
[BlackElo "2167"]
[Result "0-1"]
[Round "9"]
[TimeControl "180+1"]
[Date "2023.11.07"]
[WhiteClock "0:00:07"]
[BlackClock "0:00:25"]
[Board "143"]

1. e4 c6 2. d4 d5 3. Nc3 a6 4. a4 dxe4 5. Nxe4 Nf6 6. Ng5 Bf5 7. Bc4 e6 8. N1f3 Be7 9. Qe2 O-O 10. Bb3 h6 11. Nh3 c5 12. dxc5 Bxc5 13. Bd2 Nc6 14. O-O-O Qe7 15. Bc3 Rfb8 16. Nf4 b5 17. Ne5 Nxe5 18. Bxe5 Rb7 19. Nd3 bxa4 20. Bxa4 Rc8 21. f3 Nd5 22. g4 Bxd3 23. Rxd3 Nb4 24. Rd2 f6 25. Bf4 Na2+ 26. Kd1 e5 27. Bb3+ Kh8 28. Rd5 Nb4 29. Rxc5 Qxc5 30. Be3 Rd7+ 31. Kc1 Qa5 32. Kb1 Rdc7 33. c3 Nc6 34. Rd1 Qb5 35. Qxb5 axb5 36. h4 Na5 37. g5 Nxb3 38. gxf6 gxf6 39. Bxh6 Rc4 40. Be3 Kh7 41. Rd6 Rg8 42. Rxf6 Rg3 43. Kc2 Rxf3 44. Kxb3 Rxe3 45. h5 Re2 46. Rf7+ Kh6 47. Rb7 Kxh5 48. Rxb5 Rce4 49. Rxe5+ Rxe5 50. Kc4 Rf2 51. b4 Ree2 52. Kd3 Rc2 53. b5 Rb2 54. c4 Rfc2 55. Kd4 Kg5 56. c5 Rxb5 57. Kd5 Rbxc5+ 58. Kd4 Rc6 59. Kd3 Rc8 0-1


[Site "https://www.chess.com"]

[Event "Titled Tuesday Blitz November 07 Early 2023"]
[White "Topalov, Aleksandar"]
[Black "DonCiao"]
[WhiteFideId "925659"]
[WhiteElo "2322"]
[BlackElo "2139"]
[Result "1-0"]
[Round "9"]
[TimeControl "180+1"]
[Date "2023.11.07"]
[WhiteClock "0:01:46"]
[BlackClock "0:00:52"]
[Board "144"]

1. b3 e5 2. Bb2 Nc6 3. e3 Nf6 4. Bb5 Bd6 5. Na3 Na5 6. Be2 c6 7. c4 b6 8. Nc2 Bc7 9. d4 e4 10. d5 Nb7 11. Nh3 Qe7 12. Nf4 Be5 13. Nd4 cxd5 14. O-O dxc4 15. Nf5 Bxb2 16. Nxe7 Bxa1 17. Qxa1 Kxe7 18. Bxc4 Nd6 19. Qe5+ 1-0


[Site "https://www.chess.com"]

[Event "Titled Tuesday Blitz November 07 Early 2023"]
[White "ChessDojo"]
[Black "Zampronha, Wladimir Camilo"]
[BlackFideId "2103087"]
[WhiteElo "2137"]
[BlackElo "2300"]
[Result "0-1"]
[Round "9"]
[TimeControl "180+1"]
[Date "2023.11.07"]
[WhiteClock "0:02:33"]
[BlackClock "0:02:33"]
[Board "145"]

1. d4 Nf6 2. c4 e6 3. g3 c5 4. Nf3 cxd4 5. Nxd4 d5 6. cxd5 Qxd5 7. Nf3 Qxd1+ 8. Kxd1 Bc5 9. e3 O-O 10. Bg2 Rd8+ 11. Ke2 Nc6 12. a3 b6 13. Ne5 Ba6+ 14. Ke1 Nxe5 0-1


[Site "https://www.chess.com"]

[Event "Titled Tuesday Blitz November 07 Early 2023"]
[White "Osmonbekov, Talaibek"]
[Black "Osiecki, Stanislaw"]
[WhiteFideId "2017253"]
[BlackFideId "1102990"]
[WhiteElo "2300"]
[BlackElo "2116"]
[Result "0-1"]
[Round "9"]
[TimeControl "180+1"]
[Date "2023.11.07"]
[WhiteClock "0:00:00"]
[BlackClock "0:00:23"]
[Board "146"]

1. d4 Nf6 2. Nc3 d5 3. Bf4 Bf5 4. e3 c6 5. Nf3 h6 6. Ne5 e6 7. g4 Bh7 8. h4 Nbd7 9. Bd3 Nxe5 10. dxe5 Ne4 11. Nxe4 dxe4 12. Bc4 Qxd1+ 13. Rxd1 Rd8 14. Ke2 Be7 15. h5 Rxd1 16. Rxd1 g6 17. a4 gxh5 18. gxh5 Bf5 19. Rg1 Kf8 20. c3 a6 21. a5 c5 22. Kd2 Bd8 23. b4 cxb4 24. cxb4 Be7 25. Kc3 f6 26. Be2 Kf7 27. Kb3 fxe5 28. Bxe5 Bf6 29. Bf4 Bg7 30. Bc4 Rd8 31. Rc1 Rd2 32. Rc2 Rxc2 33. Kxc2 Bg4 34. b5 axb5 35. Bxb5 Bxh5 0-1


[Site "https://www.chess.com"]

[Event "Titled Tuesday Blitz November 07 Early 2023"]
[White "Barbot, Pierre"]
[Black "Yushko, Olga"]
[WhiteFideId "663727"]
[BlackFideId "14114500"]
[WhiteElo "2282"]
[BlackElo "2093"]
[Result "1/2-1/2"]
[Round "9"]
[TimeControl "180+1"]
[Date "2023.11.07"]
[WhiteClock "0:00:03"]
[BlackClock "0:01:06"]
[Board "147"]

1. e4 e6 2. d4 d5 3. Nc3 Nf6 4. e5 Nfd7 5. f4 c5 6. Nf3 Nc6 7. Be3 Qb6 8. Qd2 cxd4 9. Nxd4 Nxd4 10. Bxd4 Bc5 11. O-O-O Bxd4 12. Qxd4 Qxd4 13. Rxd4 Ke7 14. Bd3 Nc5 15. Nb5 Nxd3+ 16. Rxd3 Bd7 17. Nd6 Bc6 18. Rg3 g6 19. h4 Raf8 20. h5 gxh5 21. Rxh5 h6 22. Rgh3 Rhg8 23. g3 Rg7 24. Rxh6 Rfg8 25. Rh7 f6 26. Kd2 fxe5 27. fxe5 Kd8 28. Rxg7 Rxg7 29. Ke3 Rg5 30. Kf4 Rg8 31. g4 d4 32. Rh7 Rf8+ 33. Kg5 Rg8+ 34. Kh4 Be4 35. Rf7 Bxc2 36. g5 Rh8+ 37. Kg4 Bd1+ 38. Kf4 Rh4+ 39. Kg3 Rg4+ 40. Kf2 Rxg5 41. Rxb7 Rxe5 42. Nf7+ Kc8 43. Nd6+ Kd8 44. Nf7+ Kc8 45. Nd6+ Kd8 1/2-1/2


[Site "https://www.chess.com"]

[Event "Titled Tuesday Blitz November 07 Early 2023"]
[White "Mohammadian,Mohammad"]
[Black "Martin, Lewis"]
[WhiteFideId "12566055"]
[BlackFideId "410551"]
[WhiteElo "1907"]
[BlackElo "2277"]
[Result "0-1"]
[Round "9"]
[TimeControl "180+1"]
[Date "2023.11.07"]
[WhiteClock "0:00:04"]
[BlackClock "0:01:25"]
[Board "148"]

1. e4 c6 2. d4 d5 3. Nd2 dxe4 4. Nxe4 Bf5 5. Ng3 Bg6 6. Nf3 Nd7 7. Bd3 Bxd3 8. Qxd3 e6 9. c4 Ngf6 10. O-O Qc7 11. a3 Be7 12. b3 O-O 13. Bb2 Rad8 14. Rfe1 Bd6 15. Qc2 c5 16. Ng5 cxd4 17. Bxd4 e5 18. Bb2 h6 19. N5e4 Nxe4 20. Qxe4 Nf6 21. Qf5 Rfe8 22. Ne4 Nxe4 23. Rxe4 f6 24. Rae1 Bc5 25. Qg6 Re7 26. Rg4 Rd2 27. Bxe5 Qxe5 28. Rf1 Rxf2 29. Rxf2 Qe1# 0-1


[Site "https://www.chess.com"]

[Event "Titled Tuesday Blitz November 07 Early 2023"]
[White "Chxss_Khxsbu"]
[Black "Vifleemskaia, Svetlana"]
[BlackFideId "4129490"]
[WhiteElo "1874"]
[BlackElo "2267"]
[Result "0-1"]
[Round "9"]
[TimeControl "180+1"]
[Date "2023.11.07"]
[WhiteClock "0:00:00"]
[BlackClock "0:01:07"]
[Board "149"]

1. e4 e5 2. Nf3 Nc6 3. Bb5 a6 4. Ba4 Nf6 5. O-O Be7 6. Re1 b5 7. Bb3 d6 8. c3 O-O 9. h3 Nd7 10. d4 Bf6 11. d5 Ne7 12. Nbd2 Ng6 13. Nf1 Nh4 14. Nxh4 Bxh4 15. g3 Bg5 16. Bxg5 Qxg5 17. Qd2 Qxd2 18. Nxd2 Nc5 19. Bc2 f5 20. b4 Nxe4 21. Nxe4 fxe4 22. g4 Bd7 23. Bxe4 a5 24. a3 g6 25. f3 Kg7 26. Kf2 Kf6 27. Ke3 Ra7 28. h4 Rfa8 29. Rab1 axb4 30. axb4 Ra3 31. Rec1 h6 32. Rb2 Ra1 33. g5+ hxg5 34. hxg5+ Kg7 35. Rcb1 Bf5 36. f4 R8a2 37. fxe5 Rxb1 38. Rxa2 Re1+ 39. Kf2 Rxe4 40. exd6 cxd6 41. Ra7+ Kf8 42. Ra6 Ke7 43. Ra7+ Bd7 44. Kf3 Re5 45. Kf4 Rxd5 46. Ra8 Rd3 47. Rg8 Bf5 48. Rg7+ Ke6 49. Rc7 Kd5 50. c4+ bxc4 51. b5 Rd4+ 52. Kf3 Rd1 53. b6 Rb1 54. b7 c3 55. Ke3 c2 56. Kd2 Rb5 57. Kc1 Ke5 58. Re7+ Kf4 0-1


[Site "https://www.chess.com"]

[Event "Titled Tuesday Blitz November 07 Early 2023"]
[White "Sviridova, Vlada"]
[Black "Todev, Simeon"]
[WhiteFideId "24109606"]
[BlackFideId "2925133"]
[WhiteElo "2177"]
[BlackElo "2352"]
[Result "1-0"]
[Round "9"]
[TimeControl "180+1"]
[Date "2023.11.07"]
[WhiteClock "0:00:05"]
[BlackClock "0:00:00"]
[Board "150"]

1. d4 Nf6 2. c4 e6 3. Nf3 d5 4. Nc3 Bb4 5. Bg5 O-O 6. e3 c5 7. dxc5 Qa5 8. Bxf6 gxf6 9. cxd5 exd5 10. Rc1 Qxa2 11. Qc2 Nc6 12. Bd3 d4 13. exd4 Re8+ 14. Kd1 Qa5 15. Ne4 Kg7 16. Nd6 Bg4 17. Nxe8+ Rxe8 18. h3 Nxd4 19. Qc4 Bxf3+ 20. gxf3 Nxf3 21. Qg4+ Ng5 22. h4 Bd2 23. hxg5 Bxc1 24. gxf6+ 1-0


[Site "https://www.chess.com"]

[Event "Titled Tuesday Blitz November 07 Early 2023"]
[White "parintele_chess"]
[Black "katharinareinecke"]
[WhiteElo "2221"]
[BlackElo "1918"]
[Result "1-0"]
[Round "9"]
[TimeControl "180+1"]
[Date "2023.11.07"]
[WhiteClock "0:00:25"]
[BlackClock "0:01:18"]
[Board "151"]

1. d4 c6 2. Bf4 d5 3. Nf3 Nf6 4. e3 e6 5. c4 Be7 6. Nc3 O-O 7. Be2 dxc4 8. Bxc4 Nbd7 9. O-O Nb6 10. Bd3 Nbd5 11. Bg3 b6 12. a3 Bb7 13. e4 Nxc3 14. bxc3 c5 15. e5 Nd5 16. Qc2 Rc8 17. Bxh7+ Kh8 18. dxc5 Rxc5 19. c4 Qc7 20. Bd3 b5 21. Qe2 bxc4 22. Bc2 Nc3 23. Qe3 Nd5 24. Qe4 Ra5 25. Qh7# 1-0


[Site "https://www.chess.com"]

[Event "Titled Tuesday Blitz November 07 Early 2023"]
[White "Sakun, Volodymyr"]
[Black "Ghosh, Chanchal Kumer"]
[WhiteFideId "14114062"]
[BlackFideId "10201858"]
[WhiteElo "2622"]
[BlackElo "1970"]
[Result "1-0"]
[Round "9"]
[TimeControl "180+1"]
[Date "2023.11.07"]
[WhiteClock "0:00:06"]
[BlackClock "0:00:00"]
[Board "152"]

1. c4 e5 2. g3 Nc6 3. Bg2 Bc5 4. Nc3 a6 5. e3 d6 6. a3 Ba7 7. b4 Nge7 8. Nge2 f5 9. d3 O-O 10. O-O Ng6 11. Nd5 Be6 12. Bb2 Rb8 13. d4 f4 14. gxf4 exf4 15. Nexf4 Nxf4 16. Nxf4 Bd7 17. Qh5 Ne7 18. d5 Bf5 19. e4 Bg6 20. Qg5 Rf7 21. Ne6 Qd7 22. c5 dxc5 23. bxc5 c6 24. Rae1 cxd5 25. exd5 Rc8 26. d6 Nc6 27. Bh3 Re8 28. Nf4 Qd8 29. Qxd8 Rxd8 30. Nxg6 hxg6 31. Be6 Bxc5 32. Rd1 Rxd6 33. Bxf7+ Kxf7 34. Rxd6 Bxd6 35. Re1 Ne7 36. Rd1 Bc5 37. Rd7 b6 38. Ra7 a5 39. a4 g5 40. Be5 g6 41. Rb7 Ke6 42. Bc7 Nd5 43. Kf1 Kf5 44. f3 g4 45. fxg4+ Kxg4 46. Bd8 Kh3 47. Rh7+ Kg4 48. Ke1 Kf5 49. Kd2 Bb4+ 50. Kd3 Bc5 51. Kc4 Ne3+ 52. Kb5 1-0


[Site "https://www.chess.com"]

[Event "Titled Tuesday Blitz November 07 Early 2023"]
[White "Awoki, Daniel Teidi"]
[Black "Fajdetic, Hrvoje"]
[WhiteFideId "2100827"]
[BlackFideId "14501945"]
[WhiteElo "2277"]
[BlackElo "2309"]
[Result "1-0"]
[Round "9"]
[TimeControl "180+1"]
[Date "2023.11.07"]
[WhiteClock "0:00:18"]
[BlackClock "0:00:00"]
[Board "153"]

1. d4 e6 2. Nf3 f5 3. c4 Nf6 4. Nc3 Bb4 5. Qc2 O-O 6. a3 Bxc3+ 7. Qxc3 b6 8. g3 Bb7 9. Bg2 d6 10. O-O Qe8 11. Re1 Nbd7 12. b4 e5 13. d5 a5 14. Bb2 Qh5 15. h3 g5 16. Nd2 f4 17. g4 Qg6 18. Qd3 Kg7 19. Qxg6+ Kxg6 20. Ne4 h5 21. Bf3 hxg4 22. hxg4 Rh8 23. Kg2 Rh4 24. Rh1 Rxh1 25. Rxh1 axb4 26. axb4 Ra2 27. Rb1 b5 28. Nc3 Rxb2 29. Rxb2 bxc4 30. e4 Nb6 31. Ra2 Nfd7 32. Ra7 Bc8 33. Rxc7 Kf7 34. Nb5 Ke7 35. Na7 Ba6 36. Nc6+ Ke8 37. Ra7 Bb5 38. Ra8+ Kf7 39. Be2 1-0


[Site "https://www.chess.com"]

[Event "Titled Tuesday Blitz November 07 Early 2023"]
[White "Minina, Veronika"]
[Black "Gyulamiryan-koryun"]
[WhiteFideId "4174780"]
[WhiteElo "2286"]
[BlackElo "1884"]
[Result "1-0"]
[Round "9"]
[TimeControl "180+1"]
[Date "2023.11.07"]
[WhiteClock "0:00:26"]
[BlackClock "0:00:59"]
[Board "154"]

1. Nf3 Nf6 2. c4 g6 3. g3 Bg7 4. Bg2 O-O 5. O-O c6 6. Nc3 e6 7. d4 d5 8. b3 Ne4 9. Bb2 Nxc3 10. Bxc3 Nd7 11. Qc2 b5 12. e4 a5 13. Ne5 Nxe5 14. dxe5 dxc4 15. bxc4 b4 16. Bb2 c5 17. f4 Bb7 18. f5 exf5 19. exf5 Bxg2 20. Qxg2 Qd3 21. f6 Bh6 22. e6 Qe3+ 23. Kh1 Qxe6 24. Rae1 Qxc4 25. Re7 Rae8 26. Rfe1 Rxe7 27. fxe7 Re8 28. Qb7 Bd2 29. Qc6 Rxe7 30. Qc8+ Re8 31. Qxe8# 1-0


[Site "https://www.chess.com"]

[Event "Titled Tuesday Blitz November 07 Early 2023"]
[White "Petersson, Kjell"]
[Black "Kiseljova, Marya"]
[WhiteFideId "1705148"]
[BlackFideId "4155009"]
[WhiteElo "2131"]
[BlackElo "2205"]
[Result "0-1"]
[Round "9"]
[TimeControl "180+1"]
[Date "2023.11.07"]
[WhiteClock "0:00:05"]
[BlackClock "0:00:24"]
[Board "155"]

1. d4 d5 2. Bf4 Nf6 3. e3 c5 4. Nd2 Nc6 5. c3 e6 6. Ngf3 Nh5 7. Ne5 Nxf4 8. exf4 cxd4 9. Nxc6 bxc6 10. cxd4 Bd6 11. g3 Qb6 12. Qc2 Bd7 13. Nb3 O-O 14. Rc1 Rab8 15. Bd3 h6 16. O-O a5 17. Nc5 Bxc5 18. Qxc5 Qxb2 19. Qd6 Qxd4 20. Qxd7 Qxd3 21. Qxc6 Rb2 22. Qa4 Qd2 23. a3 Rfb8 24. Rcd1 Qc3 25. Rc1 Qb3 26. Qxa5 Qb5 27. Qxb5 R8xb5 28. Ra1 Ra5 29. Rfc1 Ra4 30. Rc3 d4 31. Rd3 f6 32. Kf1 e5 33. fxe5 fxe5 34. h4 e4 35. Rdd1 Kf7 36. Re1 d3 37. Red1 Ke6 38. Re1 Kd5 39. Red1 Kd4 40. Re1 Kc3 41. Rec1+ Kb3 42. Re1 Rxa3 43. Rxa3+ Kxa3 44. Rxe4 Kb3 45. Rd4 Kc3 46. Ke1 Rb1# 0-1


[Site "https://www.chess.com"]

[Event "Titled Tuesday Blitz November 07 Early 2023"]
[White "Fernandez Hernandez, Gerardo"]
[Black "Yeritsyan, Hayk"]
[WhiteFideId "2207400"]
[BlackFideId "13307320"]
[WhiteElo "2118"]
[BlackElo "2440"]
[Result "1-0"]
[Round "9"]
[TimeControl "180+1"]
[Date "2023.11.07"]
[WhiteClock "0:00:06"]
[BlackClock "0:00:25"]
[Board "156"]

1. e4 d5 2. exd5 Nf6 3. Bb5+ Bd7 4. Be2 Nxd5 5. d4 c5 6. dxc5 e6 7. c4 Nf6 8. Be3 Nc6 9. Nc3 Qa5 10. a3 O-O-O 11. b4 Qc7 12. Nb5 Qb8 13. Nd6+ Bxd6 14. cxd6 Ne5 15. Nf3 Neg4 16. Bf4 Rhe8 17. Ne5 Nxe5 18. Bxe5 Ne4 19. c5 f6 20. Bb2 Bc6 21. O-O b6 22. Bf3 Qb7 23. Rc1 b5 24. Re1 g5 25. Bxe4 Bxe4 26. Bxf6 Bxg2 27. Bxd8 Rxd8 28. c6 Bxc6 29. Qc2 Kd7 30. Qxc6+ Qxc6 31. Rxc6 Kxc6 32. Rxe6 Kd5 33. Re7 Rxd6 34. Rxa7 h5 35. Rg7 Kc4 36. Rxg5 Kb3 37. Rxh5 Rb6 38. Rh3+ Ka4 39. Rg3 Rc6 40. Kg2 Rc2 41. Rg5 Ra2 42. h4 Rxa3 43. h5 Rd3 44. Rg4 Rd5 45. Rh4 Rg5+ 46. Kh3 Rg7 47. f3 Kb3 48. Rg4 Rh7 49. Kh4 Kc3 50. Kg5 Rf7 51. Kg6 Rxf3 52. Rh4 Rf4 53. Rxf4 1-0


[Site "https://www.chess.com"]

[Event "Titled Tuesday Blitz November 07 Early 2023"]
[White "Nyzhnyk, Illya"]
[Black "Duda, Jan-Krzysztof"]
[WhiteFideId "14118084"]
[BlackFideId "1170546"]
[WhiteElo "2893"]
[BlackElo "3094"]
[Result "1/2-1/2"]
[Round "10"]
[TimeControl "180+1"]
[Date "2023.11.07"]
[WhiteClock "0:00:29"]
[BlackClock "0:00:05"]
[Board "1"]

1. c4 e6 2. Nf3 d5 3. e3 Nf6 4. Nc3 Be7 5. b3 O-O 6. Bb2 c5 7. cxd5 exd5 8. d4 Nc6 9. Be2 Ne4 10. O-O cxd4 11. Nxe4 dxe4 12. Nxd4 Nxd4 13. Qxd4 Qxd4 14. Bxd4 Be6 15. Rac1 Rac8 16. Bb2 f5 17. Rxc8 Rxc8 18. Rc1 Rxc1+ 19. Bxc1 Bf6 20. Kf1 Kf7 21. Ke1 Be5 22. g3 g5 23. Kd2 f4 24. Kc2 f3 25. Bf1 h5 26. Bb2 Bd6 27. Bd4 a6 28. Kc3 h4 29. a4 a5 30. Kb2 Kg6 31. Bc3 b6 32. Bd4 Kh5 33. Kc2 Kg6 34. Bc3 Kf7 35. Bd4 Kg6 36. Bc3 Kh5 37. Bd4 Kg4 38. Bf6 Bb4 39. Bc3 Bc5 40. Bf6 Kf5 41. Bc3 Kg6 42. Be5 Kf7 43. Bc3 Ke7 44. Be5 Kf7 45. Bc3 Ke7 46. Be5 Kd7 47. Bf6 Kd6 48. gxh4 gxh4 49. Bxh4 Bb4 50. Bg3+ Ke7 51. Bb5 Kf6 52. Bc6 Bf5 53. h4 Kg6 54. Be8+ Kf6 55. Bc6 Kg6 56. Be8+ Kf6 57. Bc6 1/2-1/2


[Site "https://www.chess.com"]

[Event "Titled Tuesday Blitz November 07 Early 2023"]
[White "Bluebaum, Matthias"]
[Black "Le, Quang Liem"]
[WhiteFideId "24651516"]
[BlackFideId "12401137"]
[WhiteElo "3079"]
[BlackElo "3071"]
[Result "0-1"]
[Round "10"]
[TimeControl "180+1"]
[Date "2023.11.07"]
[WhiteClock "0:00:21"]
[BlackClock "0:00:10"]
[Board "2"]

1. d4 d5 2. c4 c6 3. Nf3 Nf6 4. Nc3 e6 5. Qc2 dxc4 6. e4 b5 7. Be2 Bb7 8. O-O Nbd7 9. b3 b4 10. e5 Nd5 11. Bg5 Qc7 12. Nxd5 cxd5 13. bxc4 h6 14. Bh4 dxc4 15. Bxc4 Be7 16. Bxe7 Kxe7 17. Qb3 a5 18. d5 exd5 19. Bxd5 Bxd5 20. Qxd5 Rac8 21. Nd4 Rhd8 22. e6 Ne5 23. Nf5+ Kf6 24. Qe4 Qc2 25. Qh4+ Kxf5 26. e7 Re8 27. Rae1 Ng6 28. Qh5+ Kf6 29. Qf3+ Qf5 30. Qg3 Rxe7 31. Re3 Nf4 32. Kh1 g5 33. Qf3 Ng6 34. Qe2 Qc5 35. Rxe7 Qxe7 36. Qa6+ Qe6 37. Qxa5 Qc4 38. Kg1 Kg7 39. g3 Rc5 40. Qd8 Ne5 41. f4 gxf4 42. Rxf4 Qe2 43. Qf6+ Kg8 44. Rf1 Rc2 45. Qxh6 Qg2# 0-1


[Site "https://www.chess.com"]

[Event "Titled Tuesday Blitz November 07 Early 2023"]
[White "Oparin, Grigoriy"]
[Black "Carlsen, Magnus"]
[WhiteFideId "24125890"]
[BlackFideId "1503014"]
[WhiteElo "3003"]
[BlackElo "3261"]
[Result "0-1"]
[Round "10"]
[TimeControl "180+1"]
[Date "2023.11.07"]
[WhiteClock "0:00:00"]
[BlackClock "0:00:52"]
[Board "3"]

1. g3 h5 2. Nf3 h4 3. Nxh4 e5 4. d4 exd4 5. Qxd4 Nc6 6. Qe3+ Be7 7. Nf5 d5 8. Nxe7 Ngxe7 9. Qg5 Bf5 10. Na3 Qd7 11. Bd2 O-O-O 12. O-O-O f6 13. Qe3 d4 14. Qb3 Be6 15. Qa4 Qd5 16. f3 Qxa2 17. b3 Bf5 18. h4 Nd5 19. Bh3 Bxh3 20. Rxh3 Nc3 21. Bxc3 dxc3 0-1


[Site "https://www.chess.com"]

[Event "Titled Tuesday Blitz November 07 Early 2023"]
[White "Pranav, V"]
[Black "Khismatullin, Denis"]
[WhiteFideId "25060783"]
[BlackFideId "4142578"]
[WhiteElo "3077"]
[BlackElo "2953"]
[Result "1/2-1/2"]
[Round "10"]
[TimeControl "180+1"]
[Date "2023.11.07"]
[WhiteClock "0:00:03"]
[BlackClock "0:00:07"]
[Board "4"]

1. e4 c5 2. Nf3 e6 3. d4 cxd4 4. Nxd4 Nf6 5. Nc3 Nc6 6. Ndb5 d6 7. Bf4 e5 8. Bg5 a6 9. Na3 b5 10. Nab1 Be7 11. Bxf6 Bxf6 12. a4 b4 13. Nd5 O-O 14. Bc4 a5 15. O-O Bg5 16. c3 Be6 17. Qd3 Rc8 18. Nd2 bxc3 19. bxc3 Ne7 20. Nf3 Nxd5 21. Bxd5 Bxd5 22. Qxd5 Rc5 23. Qd3 Be7 24. Rfb1 d5 25. exd5 Qxd5 26. Qxd5 Rxd5 27. Rb5 Rfd8 28. Kf1 f6 29. Ke2 Kf7 30. Rxd5 Rxd5 31. Rb1 Rc5 32. Kd3 f5 33. Kc2 e4 34. Nd4 Bf6 35. Ne2 f4 36. Rb5 Rxb5 37. axb5 g5 38. Kb3 Ke6 39. Ka4 Kd5 40. b6 Kc6 41. Kxa5 Bd8 42. Nd4+ Kb7 43. Kb5 Bxb6 44. Kc4 g4 45. Nf5 Bxf2 46. Nd6+ Kc6 47. Nxe4 Bg1 48. h4 f3 49. gxf3 gxf3 50. Kd3 Kd5 51. Ng5 f2 52. Ke2 h5 53. Nh3 Bh2 54. Kxf2 Be5 55. Kf3 Bxc3 56. Nf4+ Ke5 57. Nxh5 Be1 58. Kg4 Bxh4 1/2-1/2


[Site "https://www.chess.com"]

[Event "Titled Tuesday Blitz November 07 Early 2023"]
[White "Xiong, Jeffery"]
[Black "Aradhya, Garg"]
[WhiteFideId "2047640"]
[BlackFideId "25006746"]
[WhiteElo "3017"]
[BlackElo "2750"]
[Result "1-0"]
[Round "10"]
[TimeControl "180+1"]
[Date "2023.11.07"]
[WhiteClock "0:00:22"]
[BlackClock "0:00:09"]
[Board "5"]

1. d4 d5 2. c4 c6 3. Nf3 Nf6 4. Nc3 dxc4 5. a4 Bf5 6. e3 e6 7. Bxc4 Bb4 8. O-O O-O 9. Qe2 Ne4 10. Na2 Bd6 11. b4 Nd7 12. Bb2 Ndf6 13. b5 Qe7 14. bxc6 bxc6 15. Nc3 Rab8 16. Rfc1 Rb4 17. Nxe4 Bxe4 18. Bc3 Rb7 19. Nd2 Bg6 20. Ba6 Rbb8 21. e4 e5 22. f3 exd4 23. Bxd4 Bxh2+ 24. Kxh2 Qd6+ 25. e5 Qxd4 26. exf6 Rb2 27. Rd1 Rd8 28. Nf1 Rxe2 29. Rxd4 Rxd4 30. Bxe2 gxf6 31. a5 Kf8 32. Kg3 Ke7 33. Ne3 h5 34. Rc1 h4+ 35. Kf2 Ra4 36. Rxc6 Rxa5 37. Bc4 f5 38. Nd5+ Kd7 39. Rf6 Rc5 40. Bb3 Kd8 41. Ra6 Rb5 42. Bc4 Rc5 43. Ba2 Rc2+ 44. Kg1 h3 45. gxh3 Bh5 46. Nf4 Bxf3 47. Rxa7 f6 48. Bd5 Be4 49. Ra4 Rc1+ 50. Kf2 Rc2+ 51. Kg3 Rc3+ 52. Kh2 Rc2+ 53. Kg1 Rc1+ 54. Kf2 Rc2+ 55. Ke1 Bxd5 56. Nxd5 Rh2 57. Nf4 Ke7 58. Ra5 Rb2 59. Rxf5 Kf7 60. Kf1 Ra2 61. Kg1 Ra6 62. Kg2 Ra2+ 63. Kg3 Ra3+ 64. Kg4 Ra4 65. Rb5 Ra7 66. Kf5 Re7 67. Rd5 Rc7 68. Rd6 Rc5+ 69. Nd5 Kg7 70. Rd7+ Kh6 71. Kxf6 Kh5 72. Rh7# 1-0


[Site "https://www.chess.com"]

[Event "Titled Tuesday Blitz November 07 Early 2023"]
[White "Andreikin, Dmitry"]
[Black "Kukhmazov, Arsen"]
[WhiteFideId "4158814"]
[BlackFideId "24108260"]
[WhiteElo "3108"]
[BlackElo "2916"]
[Result "1-0"]
[Round "10"]
[TimeControl "180+1"]
[Date "2023.11.07"]
[WhiteClock "0:00:54"]
[BlackClock "0:00:00"]
[Board "6"]

1. d4 Nf6 2. c4 e6 3. Nf3 d5 4. Bg5 dxc4 5. e4 c5 6. Nc3 cxd4 7. Qxd4 Qxd4 8. Nxd4 a6 9. Bxc4 Bb4 10. f3 O-O 11. Rc1 Nbd7 12. a3 Bd6 13. Be3 b5 14. Be2 Bb7 15. Kf2 Rfc8 16. Nb3 Bc7 17. Rhd1 Kf8 18. g4 Ke8 19. g5 Ng8 20. Nxb5 Bxh2 21. Nd6+ Bxd6 22. Rxd6 Rxc1 23. Bxc1 Ne7 24. Na5 Bc8 25. b4 Ra7 26. Be3 Rc7 27. Nc4 Ng6 28. Rd2 Ke7 29. a4 e5 30. Nd6 Nf4 31. Nxc8+ Rxc8 32. Bxa6 Rc3 33. Bb5 1-0


[Site "https://www.chess.com"]